 Dungeon Crawl Stone Soup version 0.31-a0-210-gccc998df9b (webtiles) character file.

Game seed: 16121007313279058851

831 qw the Skirmisher (level 7, -3/60 HPs)
             Began as a Minotaur Hexslinger on June 30, 2023.
             Was an Initiate of Okawaru.
             Slain by a gnoll sergeant
             ... wielding a +2 trident of freezing
              (6 damage)
             ... on level 5 of the Dungeon.
             The game lasted 00:01:25 (2994 turns).

qw the Skirmisher (Minotaur Hexslinger)             Turns: 2994, Time: 00:01:26

Health: -3/60      AC:  7    Str: 13    XL:     7   Next: 65%
Magic:  5/7        EV: 18    Int: 10    God:    Okawaru [......]
Gold:   258        SH:  0    Dex: 14    Spells: 7/8 levels left

rFire   . . .        Y - +1 sling
rCold   . . .        (no shield)
rNeg    . . .        g - +0 ring mail
rPois   .            (helmet restricted)
rElec   .            (no cloak)
rCorr   .            (no gloves)
SInv    .            e - +0 pair of boots
Will    +....        j - amulet of faith
Stlth   ++           a - +5 ring of evasion
HPRegen 0.30/turn    i - ring of willpower
MPRegen 0.10/turn

%: faith
@: heroic
A: horns 2, retaliatory headbutt
a: Renounce Religion


You were on level 5 of the Dungeon.
You worshipped Okawaru.
Okawaru was noncommittal.
You visited 2 branches of the dungeon, and saw 6 of its levels.

You collected 258 gold pieces.


Innate Abilities, Weirdness & Mutations

You have a pair of horns on your head.
You reflexively headbutt those who attack you in melee.


   Skills:
 + Level 4.8(9.8) Fighting
 - Level 8.3(13.3) Ranged Weapons
 - Level 1.1(6.1) Armour
 - Level 2.1(7.1) Dodging
 - Level 1.0 Spellcasting
 - Level 2.0 Hexes
 - Level 1.6 Invocations


You had 7 spell levels left.
You knew the following spells:

 Your Spells              Type           Power      Damage    Failure   Level
a - Slow                  Hex            16%        N/A       28%         1

Your spell library contained the following spells:

 Spells                   Type           Power      Damage    Failure   Level
 Inner Flame              Hex/Fire       2%         N/A       78%         3
 Portal Projectile        Hex/Tloc       4%         N/A       78%         3
 Cause Fear               Hex            2%         N/A       96%         4

Inventory:

Hand Weapons
 Y - a +1 sling (weapon)
Armour
 e - a +0 pair of boots (worn)
 g - a +0 ring mail (worn)
Jewellery
 a - a +5 ring of evasion (left hand)
 i - a ring of willpower (right hand)
 j - an amulet of faith (around neck)
Scrolls
 c - a scroll of teleportation
 d - a scroll of fog {unknown}
 k - 2 scrolls of identify
Potions
 b - a potion of ambrosia {unknown}
 f - 4 potions of curing
 h - 2 potions of heal wounds
 l - a potion of brilliance {unknown}

Dungeon Overview and Level Annotations

Branches:
Dungeon (5/15)             Temple (1/1) D:4

Altars:
Ashenzari
Dithmenos
Gozag
Hepliaklqana
Makhleb
Nemelex Xobeh
Okawaru
Qazlal
Trog
Xom
Yredelemnul
Zin


Message History

The sling bullet hits the gnoll but does no damage.
The gnoll sergeant zaps a wand.
You resist with almost no effort. The gnoll closely misses you.
You shoot a sling bullet.
The sling bullet hits the gnoll but does no damage.
The gnoll hits you with a +0 flail.
The gnoll sergeant hits you from afar with a +2 trident of freezing.
The gnoll sergeant freezes you.
You shoot a sling bullet. The sling bullet hits the gnoll.
The gnoll is moderately wounded.
You hear a howl!
The gnoll barely misses you.
The gnoll sergeant hits you from afar with a +2 trident of freezing!
The gnoll sergeant freezes you.
2990 ||| INVOKING Heroism.
You gain the combat prowess of a mighty hero.
You can no longer gain great but temporary skills.
The gnoll barely misses you. You furiously retaliate!
You headbutt the gnoll. The gnoll sergeant closely misses you.
You shoot a sling bullet. The sling bullet hits the gnoll.
The gnoll is almost dead.
A howler monkey comes into view.
The gnoll sergeant hits you from afar with a +2 trident of freezing.
The gnoll sergeant freezes you.
You shoot a sling bullet. The sling bullet hits the gnoll.
You kill the gnoll!
Okawaru accepts your kill.
The howler monkey hoots and howls with incredible vigour!
The gnoll sergeant hits you from afar with a +2 trident of freezing.
The gnoll sergeant freezes you. The white imp hits you.
The white imp freezes you.
You shoot a sling bullet. The sling bullet hits the white imp.
The white imp is lightly wounded.
You shoot a sling bullet. The sling bullet hits the white imp.
The white imp is heavily wounded.
The white imp gestures at you. The puff of frost hits you!
The gnoll sergeant hits you from afar with a +2 trident of freezing!
The gnoll sergeant freezes you.
You die...

.#8###}###8###
##.......... .###
###############...........
..
#.........##............
#..
####...)#..#............
#. ####.##.[.>..........
#..###............ ##.#
#............
#.###............
#.@#..#.........
##)5.##..###### ##gh# .##
..o....# ....#.####
....#.### ....#5 ... .. .o
##


You could see a gnoll sergeant, a howler monkey (catching breath), a white imp
and an orc.

Vanquished Creatures
  Grinder (D:5)
  Sigmund (D:4)
  2 scorpions
  4 orc priests
  Ijyb (D:3)
  An orc wizard (D:5)
  Robin (D:3)
  7 adders
  3 gnolls (D:5)
  A worm (D:4)
  A dart slug (D:2)
  7 orcs
  3 ball pythons
  A bat (D:3)
  10 endoplasms
  A giant cockroach (D:1)
  7 hobgoblins
  6 jackals
  3 quokkas
  5 frilled lizards
  11 goblins
  8 kobolds
  4 rats
89 creatures vanquished.

Notes
Turn   | Place    | Note
-------+----------+-------------------------------------------
     0 | D:1      | qw the Minotaur Hexslinger began the quest for the Orb.
     0 | D:1      | Reached XP level 1. HP: 16/16 MP: 1/1
     0 | D:1      | 0 ||| qw: Version: 0.3-a-26-gee661ec
     0 | D:1      | 0 ||| qw: Game counter: 7259
     0 | D:1      | 0 ||| qw: Melee chars always use a shield: true
     0 | D:1      | 0 ||| qw: God list: Okawaru
     0 | D:1      | 0 ||| qw: Allow faded altars: false
     0 | D:1      | 0 ||| qw: Do Orc after clearing Dungeon:15 true
     0 | D:1      | 0 ||| qw: Do second Lair branch before Depths: true
     0 | D:1      | 0 ||| qw: Lair rune preference: random
     0 | D:1      | 0 ||| qw: Goals: Normal
     0 | D:1      | 0 ||| PLANNING D:1-11
   195 | D:1      | Reached skill level 3 in Ranged Weapons
   199 | D:1      | Reached XP level 2. HP: 23/23 MP: 2/2
   481 | D:1      | 481 ||| UPGRADING to +0 pair of boots.
   486 | D:1      | 486 ||| UPGRADING to +0 ring mail.
   496 | D:1      | 496 ||| DROPPING +0 robe.
   497 | D:1      | 497 ||| READING scroll labelled MUBBYE NEIPT.
   498 | D:1      | 498 ||| READING scroll labelled MUKUIPP HOGO.
   499 | D:1      | 499 ||| DROPPING scroll of poison.
   552 | D:2      | Found a shadowy altar of Dithmenos.
   653 | D:2      | Reached XP level 3. HP: 29/29 MP: 3/3
   698 | D:2      | Reached skill level 4 in Ranged Weapons
   720 | D:2      | Reached skill level 1 in Armour
   779 | D:2      | Found a faded altar of an unknown god.
   886 | D:2      | 886 ||| UPGRADING to +5 ring of evasion.
   887 | D:2      | 887 ||| DRINKING 2 bubbling sapphire potions.
   920 | D:3      | Noticed Ijyb
   927 | D:3      | HP: 6/29 [Ijyb/puff of flame (6)]
   938 | D:3      | HP: 4/29 [Ijyb/+0 dagger (4)]
   940 | D:3      | Killed Ijyb
   941 | D:3      | Reached XP level 4. HP: 6/36 MP: 4/4
  1075 | D:3      | 1075 ||| FLEEEEING.
  1076 | D:3      | 1076 ||| FLEEEEING.
  1077 | D:3      | 1077 ||| FLEEEEING.
  1078 | D:3      | 1078 ||| FLEEEEING.
  1079 | D:3      | 1079 ||| FLEEEEING.
  1080 | D:3      | 1080 ||| FLEEEEING.
  1081 | D:3      | 1081 ||| FLEEEEING.
  1083 | D:3      | 1083 ||| FLEEEEING.
  1084 | D:3      | 1084 ||| FLEEEEING.
  1085 | D:3      | 1085 ||| FLEEEEING.
  1088 | D:3      | 1088 ||| STAIRDANCE
  1134 | D:2      | 1134 ||| READING scroll labelled TUISOCEGU ESAPS.
  1356 | D:3      | Found a broken altar of Ashenzari.
  1369 | D:3      | Reached skill level 5 in Ranged Weapons
  1453 | D:3      | Noticed Robin
  1470 | D:3      | Killed Robin
  1471 | D:3      | Reached XP level 5. HP: 39/44 MP: 5/5
  1847 | D:3      | 1847 ||| READING 2 scrolls labelled JUD PUWEFIEBBE.
  1848 | D:3      | 1848 ||| READING scroll labelled JIKKIO WIZAUP.
  1852 | D:3      | 1852 ||| READING scroll labelled SUTIPT ONAPIU.
  1853 | D:3      | 1853 ||| DROPPING scroll of revelation.
  2032 | D:4      | Found a staircase to the Ecumenical Temple.
  2033 | D:4      | 2033 ||| PLANNING TEMPLE
  2039 | Temple   | Entered the Ecumenical Temple
  2062 | Temple   | 2062 ||| PLANNING OKAWARU WORSHIP
  2077 | Temple   | Became a worshipper of Warmaster Okawaru
  2078 | Temple   | 2078 ||| PLANNING D:1-11
  2123 | D:4      | Reached skill level 6 in Ranged Weapons
  2123 | D:4      | Reached XP level 6. HP: 52/52 MP: 6/6
  2237 | D:4      | Found a glowing silver altar of Zin.
  2461 | D:4      | Found a faded altar of an unknown god.
  2461 | D:4      | Noticed Sigmund
  2471 | D:4      | Killed Sigmund
  2472 | D:4      | Reached skill level 7 in Ranged Weapons
  2499 | D:4      | Found a hazy altar of Hepliaklqana.
  2564 | D:4      | 2564 ||| UPGRADING to amulet of faith.
  2569 | D:4      | 2569 ||| UPGRADING to ring of willpower.
  2570 | D:4      | 2570 ||| DRINKING 3 brown potions.
  2571 | D:4      | 2571 ||| READING 3 scrolls of identify.
  2571 | D:4      | 2571 ||| IDENTIFYING ruby potion
  2572 | D:4      | 2572 ||| READING 2 scrolls of identify.
  2572 | D:4      | 2572 ||| IDENTIFYING fizzy brown potion
  2573 | D:4      | 2573 ||| DROPPING potion of degeneration.
  2574 | D:4      | 2574 ||| DROPPING potion of attraction.
  2614 | D:5      | Entered Level 5 of the Dungeon
  2619 | D:5      | Found a sparkling altar of Nemelex Xobeh.
  2668 | D:5      | Noticed Grinder
  2690 | D:5      | Killed Grinder
  2690 | D:5      | Reached * piety under Okawaru
  2691 | D:5      | Reached skill level 8 in Ranged Weapons
  2691 | D:5      | Reached XP level 7. HP: 52/59 MP: 7/7
  2720 | D:5      | 2720 ||| INVOKING Heroism.
  2751 | D:5      | 2751 ||| INVOKING Heroism.
  2763 | D:5      | Reached skill level 1 in Invocations
  2766 | D:5      | 2766 ||| INVOKING Heroism.
  2796 | D:5      | 2796 ||| FLEEEEING.
  2797 | D:5      | 2797 ||| FLEEEEING.
  2978 | D:5      | 2978 ||| Stepping ~*~*~tactically~*~*~ (outnumbered).
  2984 | D:5      | 2984 ||| Stepping ~*~*~tactically~*~*~ (outnumbered).
  2990 | D:5      | 2990 ||| INVOKING Heroism.
  2994 | D:5      | HP: 15/60 [white imp/puff of frost (7)]
  2994 | D:5      | HP: 3/60 [gnoll sergeant/+2 trident of freezing (12)]
  2994 | D:5      | Slain by a gnoll sergeant

Levels and vault maps discovered:
D:1:      ncdulo_smallfort, layout_basic
D:2:      layout_rooms, basic_altar,
          dreamdust_ecumenical_altar_hidden_monk_grotto
D:3:      layout_rooms, nicolae_ashenzari_panopticon, roderic_roman_lattice,
          uniq_ijyb, uniq_robin
D:4:      layout_rooms, beargit_hepliaklqana_dungeon_heroes,
          kennysheep_little_box, minmay_temple_entry_proselytizer,
          serial_forest, infiniplex_forest_clump_diagonal,
          infiniplex_forest_end_1, infiniplex_forest_straight_2,
          infiniplex_forest_lined_ring, infiniplex_forest_lined_ring
D:5:      layout_rooms, nemelex_xobeh_ov_fountains_minmay,
          corexii_hall_statues_i, uniq_grinder
Temple:   hellmonk_temple_of_storms

Skill      XL: |  1  2  3  4  5  6  7 |
---------------+----------------------+-----
Ranged Weapons | 3 4 5 6 8 |  8.3
Fighting       | 2 4 |  4.8
Armour         | 1 |  1.1
Invocations    | 1 |  1.6
Dodging        | |  2.1
Spellcasting   | |  1.0
Hexes          | |  2.0

Action                     |  1- 3 |  4- 6 |  7- 9 || total
---------------------------+-------+-------+-------++-------
   Fire: Sling             |   116 |   142 |    65 ||   323
 Invoke: Heroism           |       |       |     4 ||     4
    Use: Scroll            |     2 |     6 |       ||     8
         Potion            |     1 |     1 |       ||     2
 Armour: Robe              |     6 |       |       ||     6
         Ring mail         |    13 |    16 |    10 ||    39
  Dodge: Dodged            |    41 |    63 |    28 ||   132

Table legend:
 A = Non-vault XP
 B = Vault XP
 C = Vault XP percentage of total XP
 D = Non-vault monster count
 E = Vault monster count
 F = Vault count percentage of total count
                 A         B        C        D         E       F
            +---------+---------+-------+---------+---------+-------
      Total |     575 |     613 |  51.6 |      74 |      15 |  16.9
            +---------+---------+-------+---------+---------+-------
        D:1 |      19 |       0 |   0.0 |      13 |       0 |   0.0
        D:2 |      56 |       0 |   0.0 |      16 |       0 |   0.0
        D:3 |     141 |      70 |  33.2 |      20 |      12 |  37.5
        D:4 |     111 |     266 |  70.6 |       9 |       2 |  18.2
        D:5 |     248 |     277 |  52.8 |      16 |       1 |   5.9
            +---------+---------+-------+---------+---------+-------
